 Dungeon Crawl Stone Soup version 0.21.0-30-g47ce8e4 (webtiles) character file.

72907 Miyamura the Covert (level 15, -2/77 HPs)
             Began as a Spriggan Enchanter on Jan 28, 2018.
             Was an Initiate of Gozag.
             Slain by an enormous slime creature (72 damage)
             ... on level 13 of the Dungeon.
             The game lasted 01:06:53 (28256 turns).

Miyamura the Covert (Spriggan Enchanter)           Turns: 28256, Time: 01:06:53

Health: -2/77      AC: 23    Str:  9    XL:     15   Next: 2%
Magic:  31/31      EV: 30    Int: 20    God:    Gozag
Gold:   2758       SH:  0    Dex: 18    Spells: 17/37 levels left

rFire    + . .     SeeInvis +   t - +11 quarterstaff of Indomitability {protect, rElec rF+ rN+ Int+3}
rCold    . . .     Gourm    .   (shield currently unavailable)
rNeg     + . .     Faith    .   J - +2 robe {MR+}
rPois    .         Spirit   .   P - +2 hat
rElec    +         Reflect  .   c - +0 cloak
rCorr    .         Harm     .   (gloves unavailable)
MR       +++..                  (boots unavailable)
Stlth    ++++++....             o - amulet of regeneration
HPRegen  0.62/turn              K - +5 ring of protection
MPRegen  0.22/turn              s - +4 ring of protection

@: protection aura, very quick
A: very small, unfitting armour, see invisible, herbivore, speed 3, slow
metabolism 2
a: Potion Petition, Call Merchant, Bribe Branch, Renounce Religion


You were on level 13 of the Dungeon.
You worshipped Gozag.
Gozag was most pleased with you.
You were hungry.

You visited 4 branches of the dungeon, and saw 22 of its levels.

You collected 6674 gold pieces.
You spent 3087 gold pieces at shops.
You paid 829 gold pieces to Gozag.

Inventory:

Hand Weapons
 h - a +0 blowgun
 t - the +11 quarterstaff of Indomitability (weapon) {protect, rElec rF+ rN+ Int+3}
   (You bought it in a shop on level 2 of the Orcish Mines)

   It protects the one who uses it against injury (+AC on strike).
   It affects your intelligence (+3).
   It protects you from fire.
   It insulates you from electricity.
   It protects you from negative energy.
 L - the +9 short sword "Impslayer" {drain, Int+3}
   (You bought it in a shop on level 9 of the Dungeon)

   A truly terrible weapon, it drains the life of those it strikes.
   It affects your intelligence (+3).
Missiles
 g - 415 stones (quivered)
 Z - 6 curare-tipped needles
Armour
 c - a +0 cloak (worn)
 E - a +3 buckler
 J - a +2 robe of magic resistance (worn)
 P - a +2 hat (worn)
Jewellery
 n - an uncursed ring of resist corrosion
 o - an amulet of regeneration (around neck)
 s - a +4 ring of protection (right hand)
 K - a +5 ring of protection (left hand)
 S - an uncursed ring of fire
 U - the ring of Xomoeh {Ice Int+3}
   (You found it on level 11 of the Dungeon)

   [ring of ice]

   It enhances your ice magic.
   It affects your intelligence (+3).
   It makes you vulnerable to fire.
   It protects you from cold.
Wands
 b - a wand of paralysis (20)
 B - a wand of scattershot (15)
 C - a wand of polymorph (8)
 D - a wand of acid (8)
 G - a wand of random effects (43)
 Q - a wand of flame (17)
 W - a wand of digging (9)
Scrolls
 a - 2 scrolls of fear
 e - 9 scrolls of remove curse
 m - 2 scrolls of identify
 p - 10 scrolls of teleportation
 u - 3 scrolls of enchant weapon
 y - 2 scrolls of fog
 A - 4 scrolls of blinking
 H - a scroll of vulnerability
 I - a scroll of brand weapon
 M - 2 scrolls of immolation
 R - 2 scrolls of magic mapping
 X - a scroll of amnesia
Potions
 f - 5 potions of mutation
 i - 9 potions of lignification
 j - a potion of magic
 k - 7 potions of curing
 l - 3 potions of invisibility
 q - 5 potions of might
 r - 4 potions of haste {unknown}
 v - a potion of cancellation
 w - 6 potions of heal wounds
 x - 3 potions of ambrosia
 z - 3 potions of resistance
 F - 3 potions of agility
 N - 2 potions of berserk rage
 V - 3 potions of flight
 Y - 3 potions of brilliance
Comestibles
 d - 25 rations


   Skills:
 - Level 8.3 Fighting
 - Level 10.1 Short Blades
 + Level 5.5 Staves
 - Level 13.6 Dodging
 - Level 14.9 Stealth
 - Level 7.6 Shields
 - Level 11.9 Spellcasting
 - Level 6.9 Hexes
 - Level 7.8 Earth Magic
 - Level 7.6 Evocations


You had 17 spell levels left.
You knew the following spells:

 Your Spells              Type           Power        Failure   Level  Hunger
a - Corona                Hex            #####..      1%          1    None
b - Blink                 Tloc           N/A          9%          2    None
c - Confuse               Hex            #####...     1%          3    None
d - Sandblast             Erth           #####.       1%          1    None
e - Ensorcelled Hibernat  Hex/Ice        ####..       1%          2    None
l - Lee's Rapid Deconstr  Erth           #####.....   6%          5    ####...
m - Mephitic Cloud        Conj/Pois/Air  ##......     17%         3    None
t - Tukima's Dance        Hex            #####...     1%          3    None


Dungeon Overview and Level Annotations

Branches:
Dungeon (13/15)            Temple (1/1) D:4            Lair (6/6) D:11
 Shoals (0/4) Lair:4        Snake (0/4) Lair:3        Slime (0/5) Lair:5
    Orc (2/2) D:10            Elf (0/3) Orc:2
 Vaults: D:13-14

Altars:
Ashenzari
Cheibriados
Dithmenos
Elyvilon
Fedhas
Gozag
Hepliaklqana
Kikubaaqudgha
Makhleb
Nemelex Xobeh
Okawaru
Qazlal
Ru
Sif Muna
Trog
Uskayaw
Vehumet
Wu Jian
Xom
Yredelemnul
Zin
The Shining One
Jiyva

Shops:
D:8 =   D:9 (   D:13 *   Orc:2 *[[?

Portals:
Hell: Lair:6

Annotations:
Lair:3 exclusion: oklob plant


Innate Abilities, Weirdness & Mutations

You are very small and have problems with some larger weapons.
You are too small for most types of armour.
You have supernaturally acute eyesight. (SInv)
You are a herbivore.
You cover ground extremely quickly.
You need consume almost no food.


Message History

You hit the enormous slime creature.
The enormous slime creature is almost dead.
You strike the helpless enormous slime creature from behind!
You hit the enormous slime creature.
The enormous slime creature is almost dead.
The enormous slime creature completely misses you.
You sock the enormous slime creature!
The enormous slime creature is almost dead.
You barely miss the enormous slime creature.
The enormous slime creature is almost dead.
You bludgeon the enormous slime creature!!
The enormous slime creature is almost dead.
You sock the enormous slime creature!
The enormous slime creature is almost dead.
The enormous slime creature seems less confused.
The enormous slime creature misses you.
The enormous slime creature hits you!!!!
Ouch! That really hurt!
You die...
Your body crumbles into a pile of gold.

......# #....#
#....# #....#
#....# #....#
#.##.# ######
#.##.# #....#
#.##@# #..#.#
#...J#
#....###....#
#...........#
#.<.........#
#...........#
#...........#
######...........#
.................#


You could see an enormous slime creature.

Vanquished Creatures
  Gastronok (Lair:2)
  A dire elephant (Lair:6)
  2 ettins
  6 hydras
  A hell beast (Lair:6)
  The ghost of Karim the Destroyer, a journeyman GnCj of Kikubaaqudgha (D:10)
  3 tengu warriors (D:13)
  6 death yaks (Lair:5)
  9 two-headed ogres
  A queen ant (Lair:3)
  2 ogre magi (Orc:2)
  Sonja (Lair:1)
  Nergalle (D:12)
  2 deep trolls (Orc:2)
  An unseen horror (D:13)
  A wizard (Lair:6)
  4 harpies (D:13)
  Pikel (D:5)
  2 ugly things
  2 cyclopes (Orc:2)
  2 orc sorcerers
  Joseph (D:7)
  9 elephants
  A smoke demon (Lair:6)
  4 spiny frogs
  A gargoyle (D:13)
  4 orange demons (Lair:6)
  4 rime drakes (Lair:6)
  An ice devil (Lair:6)
  8 komodo dragons
  A freezing wraith (D:12)
  A kobold demonologist (D:9)
  A red devil (Lair:6)
  9 trolls
  2 polar bears
  5 blink frogs (Lair:1)
  10 hippogriffs
  A dream sheep (Lair:6)
  A wraith (D:12)
  Sigmund (D:5)
  10 spriggans
  5 wyverns
  A shadow (D:13)
  40 yaks
  2 vampire mosquitoes (D:13)
  4 basilisks
  6 soldier ants
  Duvessa (D:7)
  3 hell hounds (Lair:6)
  15 water moccasins
  13 porcupines
  4 ice beasts
  A slave (D:5)
  14 orc warriors
  8 sky beasts
  3 black bears
  25 ogres
  4 phantoms
  18 wolves
  2 centaurs
  13 crocodiles
  20 bullfrogs
  A gnoll sergeant (D:8)
  Dowan (D:7)
  2 scorpions
  9 killer bees (D:13)
  A howler monkey (D:5)
  2 electric eels
  A crimson imp (D:7)
  7 jellies
  A bullfrog zombie (D:11)
  2 centaur zombies (D:11)
  A quasit (D:8)
  5 hounds
  14 orc priests
  4 bullfrog skeletons
  3 centaur skeletons
  2 iguanas
  18 orc wizards
  14 worker ants
  A hound zombie (D:5)
  3 hound skeletons
  2 worker ant zombies
  6 gnolls
  14 adders
  3 shadow imps
  2 oozes
  3 adder zombies
  2 worms
  4 adder skeletons
  3 dart slugs
  4 leopard geckos
  63 orcs
  13 bats
  3 giant cockroaches
  7 goblins
  12 hobgoblins
  18 jackals
  3 quokkas
  2 ball pythons (D:2)
  4 frilled lizards
  6 kobolds
  2 quokka skeletons (D:9)
  6 rats
601 creatures vanquished.

Vanquished Creatures (collateral kills)
  2 two-headed ogres
  A tengu warrior (D:13)
  An orc knight (D:10)
  Grum (D:8)
  An ogre (Orc:2)
6 creatures vanquished.

Vanquished Creatures (others)
  3 dancing weapons
  A slave (D:5)
  2 worker ants (D:5)
  An ooze (D:5)
  A leopard gecko (D:5)
  An orc (Orc:1)
  23 fungi
  12 plants
44 creatures vanquished.

Grand Total: 651 creatures vanquished

Notes
Turn   | Place    | Note
-------+----------+-------------------------------------------
     0 | D:1      | Miyamura the Spriggan Enchanter began the quest for the Orb.
     0 | D:1      | Reached XP level 1. HP: 9/9 MP: 5/5
   590 | D:1      | Reached XP level 2. HP: 13/13 MP: 6/6
   670 | D:1      | Learned a level 2 spell: Ensorcelled Hibernation
  1016 | D:1      | Reached XP level 3. HP: 17/17 MP: 8/8
  1021 | D:1      | Learned a level 3 spell: Confuse
  2205 | D:2      | Reached skill level 1 in Fighting
  2222 | D:2      | Reached XP level 4. HP: 19/22 MP: 0/10
  2233 | D:2      | Learned a level 3 spell: Tukima's Dance
  2398 | D:2      | Reached skill level 5 in Stealth
  2811 | D:3      | You fall through a shaft for 3 floors!
  2818 | D:6      | Found an ancient bone altar of Kikubaaqudgha.
  2875 | D:5      | Entered Level 5 of the Dungeon
  2930 | D:5      | Noticed a black bear
  2938 | D:5      | You fall through a shaft!
  2944 | D:6      | Noticed a centaur
  2944 | D:6      | Noticed an orc warrior
  3216 | D:4      | Noticed an ogre
  3229 | D:4      | Found a staircase to the Ecumenical Temple.
  3239 | D:4      | Killed an ogre
  3239 | D:4      | Reached XP level 5. HP: 11/25 MP: 2/11
  4037 | D:3      | Identified a scroll of acquirement
  4038 | D:3      | Got an ominously black robe
  4049 | D:3      | Identified the +1 robe of the Morning {rC- Str+2 Dex+9 SInv} (You acquired it on level 3 of the Dungeon)
  4506 | D:4      | Found a bloodstained altar of Trog.
  4526 | D:4      | Reached XP level 6. HP: 30/30 MP: 6/13
  4749 | D:4      | Reached skill level 5 in Hexes
  5121 | Temple   | Entered the Ecumenical Temple
  5295 | D:5      | Noticed Sigmund
  5301 | D:5      | Reached skill level 6 in Stealth
  5420 | D:5      | Reached skill level 5 in Dodging
  5664 | D:5      | Reached XP level 7. HP: 35/35 MP: 13/15
  5718 | D:5      | Reached skill level 5 in Spellcasting
  5862 | D:5      | Reached skill level 7 in Stealth
  5862 | D:5      | Reached XP level 8. HP: 39/39 MP: 7/17
  5903 | D:5      | Killed Sigmund
  5965 | D:5      | Noticed Pikel
  6039 | D:5      | Killed Pikel
  6039 | D:5      | Reached skill level 8 in Stealth
  6243 | D:5      | Found a burning altar of Makhleb.
  6295 | D:5      | Found a glowing golden altar of the Shining One.
  6295 | D:5      | Found a basalt altar of Yredelemnul.
  6298 | D:5      | Noticed an angel
  6309 | D:5      | Noticed a profane servitor
  6575 | D:5      | Found a glowing silver altar of Zin.
  6637 | D:5      | Reached skill level 5 in Short Blades
  6966 | D:6      | Reached XP level 9. HP: 45/45 MP: 19/19
  7117 | D:6      | Learned a level 1 spell: Sandblast
  7700 | D:6      | Found a sparkling altar of Nemelex Xobeh.
  7701 | D:6      | Found an opulent altar of Gozag.
  7940 | D:6      | Became a worshipper of Gozag Ym Sagoz the Greedy
  8177 | D:7      | Reached skill level 1 in Earth Magic
  8184 | D:7      | Reached skill level 9 in Stealth
  8761 | D:7      | Noticed Dowan
  8765 | D:7      | Noticed Duvessa
  8789 | D:7      | Noticed Joseph
  8789 | D:7      | Killed Duvessa
  9086 | D:7      | Killed Dowan
  9143 | D:7      | Killed Joseph
  9461 | D:7      | Reached skill level 10 in Stealth
  9751 | D:8      | Reached XP level 10. HP: 51/51 MP: 22/22
  9807 | D:8      | Noticed Grum
  9847 | D:8      | Killed Grum
 10091 | D:8      | Noticed a two-headed ogre
 10116 | D:8      | Killed a two-headed ogre
 10116 | D:8      | Reached skill level 5 in Fighting
 10832 | D:8      | Found Xatuenn's Jewellery Shop.
 10852 | D:8      | Bought a cursed ring of loudness for 58 gold pieces
 11171 | D:9      | Noticed a green ugly thing
 11199 | D:9      | Killed a green ugly thing
 11368 | D:9      | Reached skill level 11 in Stealth
 11459 | D:9      | Reached skill level 10 in Dodging
 11523 | D:9      | Found a stormy altar of Qazlal.
 11781 | D:9      | Noticed a two-headed ogre
 11783 | D:9      | Killed a two-headed ogre
 12236 | D:10     | Entered Level 10 of the Dungeon
 12373 | D:10     | Found a staircase to the Orcish Mines.
 12575 | D:10     | Noticed Karim's ghost (journeyman GnCj)
 12601 | D:10     | Killed Karim's ghost
 12601 | D:10     | Reached XP level 11. HP: 54/56 MP: 13/25
 12987 | D:11     | Noticed a purple ugly thing
 13127 | D:11     | Noticed a four-headed hydra
 13132 | D:11     | Killed a four-headed hydra
 13215 | D:11     | Killed a purple ugly thing
 13364 | D:11     | Reached skill level 12 in Stealth
 13364 | D:11     | Reached skill level 5 in Earth Magic
 13665 | D:11     | Got a pitted steel ring
 13872 | D:11     | Found a staircase to the Lair.
 14162 | Lair:1   | Entered Level 1 of the Lair of Beasts
 14805 | Lair:1   | Noticed Sonja
 14812 | Lair:1   | Killed Sonja
 15264 | Lair:2   | Noticed Gastronok
 15340 | Lair:2   | Identified the ring of Xomoeh {Ice Int+3} (You found it on level 11 of the Dungeon)
 15445 | Lair:2   | Reached skill level 1 in Shields
 15921 | Lair:2   | Reached XP level 12. HP: 62/62 MP: 18/26
 16422 | Lair:2   | Killed Gastronok
 16422 | Lair:2   | Reached skill level 5 in Shields
 17022 | D:9      | Bought the +9 short sword "Impslayer" {drain, Int+3} for 828 gold pieces
 17655 | Lair:3   | Reached skill level 10 in Spellcasting
 17760 | Lair:3   | Found a staircase to the Snake Pit.
 17844 | Lair:3   | Reached skill level 1 in Evocations
 17852 | Lair:3   | Noticed a queen ant
 17859 | Lair:3   | Killed a queen ant
 18119 | Lair:3   | Noticed a five-headed hydra
 18135 | Lair:3   | Killed a five-headed hydra
 18744 | Lair:4   | Reached XP level 13. HP: 66/66 MP: 25/28
 18898 | Lair:4   | Reached skill level 13 in Stealth
 19610 | Lair:4   | Found a staircase to the Shoals.
 20060 | Lair:5   | Found a staircase to the Slime Pits.
 20062 | Lair:5   | Found a viscous altar of Jiyva.
 21061 | Lair:6   | Entered Level 6 of the Lair of Beasts
 21330 | Lair:6   | Reached skill level 5 in Evocations
 21791 | Lair:6   | Reached skill level 14 in Stealth
 21810 | Lair:6   | Learned a level 2 spell: Blink
 21816 | Lair:6   | Learned a level 3 spell: Mephitic Cloud
 21822 | Lair:6   | Learned a level 5 spell: Lee's Rapid Deconstruction
 22019 | Lair:6   | Noticed a dire elephant
 22057 | Lair:6   | Killed a dire elephant
 22225 | Lair:6   | Found a burning altar of Makhleb.
 22331 | Lair:6   | Reached XP level 14. HP: 60/72 MP: 16/30
 22764 | Lair:6   | Found a gateway to Hell.
 23141 | Orc:1    | Entered Level 1 of the Orcish Mines
 23704 | Orc:1    | Noticed a stone giant
 24047 | Orc:2    | Entered Level 2 of the Orcish Mines
 24353 | Orc:2    | Found a staircase to the Elven Halls.
 24822 | Orc:2    | Found Imonkiaps's Magic Scroll Emporium.
 24833 | Orc:2    | Found Hama's Antique Armour Shop.
 24838 | Orc:2    | Found Litiveco's Antique Armour Shoppe.
 24839 | Orc:2    | Found Daub's General Store.
 24871 | Orc:2    | Reached skill level 10 in Short Blades
 25206 | Orc:2    | Bought a cloak for 126 gold pieces
 25220 | Orc:2    | Bought a potion of heal wounds for 55 gold pieces
 25220 | Orc:2    | Bought the +11 quarterstaff of Indomitability {protect, rElec rF+ rN+ Int+3} for 1004 gold pieces
 25288 | Orc:2    | Bought a scroll of vulnerability for 120 gold pieces
 25288 | Orc:2    | Bought a scroll of identify for 32 gold pieces
 25288 | Orc:2    | Bought a scroll of teleportation for 48 gold pieces
 25288 | Orc:2    | Bought a scroll of vulnerability for 120 gold pieces
 25288 | Orc:2    | Bought a scroll of identify for 32 gold pieces
 25288 | Orc:2    | Bought a scroll of teleportation for 48 gold pieces
 25288 | Orc:2    | Bought a scroll of identify for 32 gold pieces
 25288 | Orc:2    | Bought a scroll of identify for 32 gold pieces
 25367 | Orc:2    | Reached skill level 1 in Staves
 26201 | D:12     | Noticed Nergalle
 26221 | D:12     | Killed Nergalle
 26681 | D:13     | Found Pukloum's Assorted Antiques.
 26686 | D:13     | Bought a potion of mutation for 184 gold pieces
 26686 | D:13     | Bought a potion of lignification for 69 gold pieces
 26686 | D:13     | Bought a scroll of identify for 46 gold pieces
 26686 | D:13     | Bought a potion of heal wounds for 115 gold pieces
 26686 | D:13     | Bought a scroll of identify for 46 gold pieces
 26686 | D:13     | Bought a scroll of identify for 46 gold pieces
 26686 | D:13     | Bought a scroll of identify for 46 gold pieces
 27647 | D:13     | Reached skill level 5 in Staves
 28109 | D:13     | Reached XP level 15. HP: 73/77 MP: 31/31
 28256 | D:13     | Slain by an enormous slime creature

Skill      XL: |  1  2  3  4  5  6  7  8  9 10 11 12 13 14 |
---------------+-------------------------------------------+-----
Spellcasting   | 3 4 5 6 7 9 10 11 | 11.9
Hexes          | 4 5 6 |  6.9
Short Blades   | 2 3 4 5 6 7 8 9 10 | 10.1
Fighting       | 1 2 3 4 5 6 7 8 |  8.3
Stealth        | 5 6 7 8 10 11 12 14 | 14.9
Dodging        | 4 5 6 7 8 10 11 13 | 13.6
Earth Magic    | 2 4 5 7 |  7.8
Shields        | 2 7 |  7.6
Evocations     | 2 6 7 |  7.6
Staves         | 5 |  5.5

Action                   |  1- 3 |  4- 6 |  7- 9 | 10-12 | 13-15 || total
-------------------------+-------+-------+-------+-------+-------++-------
Melee: Dagger            |   161 |   210 |   249 |   354 |       ||   974
       Short sword       |       |       |       |   292 |   985 ||  1277
       Quarterstaff      |       |       |       |       |   329 ||   329
 Fire: Blowgun           |       |       |       |     7 |       ||     7
 Cast: Corona            |     4 |       |       |       |       ||     4
       Ensorcelled Hiber |    21 |    47 |    74 |   138 |    17 ||   297
       Confuse           |       |     9 |    23 |    47 |    52 ||   131
       Tukima's Dance    |       |       |       |     1 |    36 ||    37
       Sandblast         |       |       |       |     3 |    10 ||    13
Invok: Call Merchant     |       |       |       |     1 |       ||     1
Evoke: Wand              |       |       |       |    10 |     8 ||    18
  Use: Scroll            |     2 |     8 |     8 |    10 |    15 ||    43
 Stab: Sleeping          |    26 |    32 |    50 |    95 |    37 ||   240
       Confused          |       |     4 |    14 |    25 |    27 ||    70
       Distracted        |       |       |       |    10 |    12 ||    22
  Eat: Ration            |       |     3 |     3 |     5 |     5 ||    16
Armor: Robe              |    14 |    20 |    28 |    52 |   160 ||   274
Dodge: Dodged            |   141 |   163 |   162 |   407 |  1065 ||  1938
Block: Buckler           |       |       |       |   107 |   317 ||   424
